 Dungeon Crawl Stone Soup version 0.14-a0-1168-gf5005bf (webtiles) character file.

3512 PolkaDot the Conjurer (level 9, -7/52 (57) HPs)
             Began as a Vampire Conjurer on Nov 29, 2013.
             Was a Priest of Vehumet.
             Mangled by a centaur (8 damage)
             ... on Level 11 of the Dungeon.
             The game lasted 00:51:05 (7967 turns).

PolkaDot the Conjurer (Vampire Conjurer)            Turns: 7967, Time: 00:51:08

HP  -7/52 (57)   AC  2     Str  9      XL: 9   Next: 61%
MP   4/14        EV 12     Int 20      God: Vehumet [***...]
Gold 380         SH  0     Dex 14      Spells:  5 memorised,  0 levels left

rFire  . . .     SeeInvis +     t - +6,+3 spear "Dainn" {elec, Str+2}
rCold  + . .     Clarity  +     a - +0 robe (curse)
rNeg   + . .     Conserve .     (no shield)
rPois  .         rCorr    .     (no helmet)
rElec  .         rRot     .     (no cloak)
SustAb . .       Spirit   .     (no gloves)
rMut   .         Warding  .     (no boots)
Saprov . . .     Stasis   .     (no amulet)
                                u - ring of wizardry
                                v - +5,+6 ring of slaying

@: somewhat resistant to hostile enchantments, stealthy
A: bottle blood, fangs 3, see invisible, clarity, cold resistance 1, unbreathing
a: Bat Form, Bottle Blood, Renounce Religion


You were on level 11 of the Dungeon.
You worshipped Vehumet.
Vehumet was most pleased with you.
You were not thirsty.

You visited 2 branches of the dungeon, and saw 12 of its levels.

You collected 380 gold pieces.

Inventory:

Hand weapons
 t - the +6,+3 spear "Dainn" (weapon) {elec, Str+2}
   (You found it on level 6 of the Dungeon)

   Occasionally, upon striking a foe, it will discharge some electrical energy
   and cause terrible harm.
   It affects your strength (+2).
Armour
 a - a cursed +0 robe (worn)
Magical devices
 l - a wand of flame (8)
 o - a wand of magic darts (22)
 y - a wand of lightning (5) {unknown}
Scrolls
 d - a scroll of amnesia
 e - a scroll of identify
 g - a scroll of fog {unknown}
 h - 2 scrolls of enchant armour {unknown}
 i - a scroll of noise {unknown}
 j - a scroll of curse armour {unknown}
 m - a scroll of enchant weapon II {unknown}
 q - 3 scrolls of remove curse
 r - a scroll of recharging
 w - a scroll of immolation
Jewellery
 f - a +2 ring of strength
 u - a ring of wizardry (right hand)
 v - a +5,+6 ring of slaying (left hand)
Potions
 b - a potion of cure mutation {!q}
 k - 3 potions of restore abilities
 n - a potion of lignification
 x - a potion of poison
Books
 c - a book of Conjurations

   Spells                             Type                      Level
   *Magic Dart                        Conjuration                  1
   *Searing Ray                       Conjuration                  2
   Dazzling Spray                     Conjuration/Hexes            3
   *Iskenderun's Mystic Blast         Conjuration                  4
   Iskenderun's Battlesphere          Conjuration/Charms           4
   Fulminant Prism                    Conjuration/Hexes            5
 s - a book of Flames

   Spells                             Type                      Level
   Flame Tongue                       Conjuration/Fire             1
   *Throw Flame                       Conjuration/Fire             2
   Conjure Flame                      Conjuration/Fire             3
   Inner Flame                        Hexes/Fire                   3
   Sticky Flame                       Conjuration/Fire             4
   Fireball                           Conjuration/Fire             5


   Skills:
 - Level 2.1 Dodging
 - Level 3.0 Stealth
 - Level 1.0 Spellcasting
 * Level 10.4 Conjurations
 + Level 3.6 Ice Magic


You couldn't memorise any spells.
You knew the following spells:

 Your Spells              Type           Power        Failure   Level  Hunger
a - Magic Dart            Conj           ####         1%          1    ##.....
d - Iskenderun's Mystic   Conj           #####...     1%          4    #####..
s - Searing Ray           Conj           #####.       1%          2    ###....
z - Throw Flame           Conj/Fire      ###...       1%          2    ###....
A - Freeze                Ice            ###.         1%          1    ##.....


Dungeon Overview and Level Annotations

Branches:
Dungeon (11/16)            Temple (1/1) D:6
    Orc: D:9-12        Lair: D:8-11

Altars:
Cheibriados
Elyvilon
Fedhas
Kikubaaqudgha
Makhleb
Nemelex Xobeh
Okawaru
Sif Muna
Vehumet
Xom
Yredelemnul
Zin
the Shining One
Lugonu

Annotations:
D:10 Erica, Erolcha


Innate Abilities, Weirdness & Mutations

You can bottle blood from corpses.
You have razor-sharp teeth.*
You have supernaturally acute eyesight.
You can survive without breathing.*
You possess an exceptional clarity of mind.+ Your flesh is cold resistant.*+


Message History

The centaur completely misses you. The centaur hits you.
* * * LOW HITPOINT WARNING * * *
Casting: Iskenderun's Mystic Blast
Confirm with . or Enter, or press ? or * to list all spells.
You don't have enough magic to cast that spell.
Drink which item? (? for menu, Esc to quit)
Okay, then.
Read which item? (? for menu, Esc to quit)
Okay, then.
Evoke which item? (* to show all) (? for menu, Esc to quit)
Zapping:
o - a twisted fluorescent wand {recharged}
Press: ? - help, Shift-Dir - straight line, f/p - centaur
Aim: a centaur (almost dead)
The magic dart hits the centaur.
You kill the centaur!
Vehumet accepts your kill.
You feel your power returning.
o - a wand of magic darts {zapped: 1} The centaur hits you!
You die...

#.# #.#
#(# #(#
#(# #(#
#.# #(#
#@#
.......c)#
#######c#
#.# #.#
#.# #.#
#.# ..#


You could see 2 centaurs.

Vanquished Creatures
  Grinder (D:6)
  A necrophage (D:5)
  2 orc warriors
  A phantom (D:5)
  2 ogres (D:7)
  6 centaurs
  A water moccasin (D:9)
  3 giant frogs
  A gnoll sergeant (D:7)
  A troll zombie (D:9)
  A centaur zombie (D:5)
  7 crimson imps
  6 hounds
  2 goliath beetles
  A jelly (D:8)
  A gnoll shaman (D:9)
  3 orc priests
  2 scorpions
  2 giant frog skeletons
  6 orc wizards
  4 worker ants
  An ogre skeleton (D:7)
  A mummy (D:8)
  5 adders
  21 gnolls
  An inept feature mimic (D:6)
  4 worms
  2 giant mites
  An inept item mimic (D:7)
  An adder zombie (D:7)
  A giant eyeball (D:11)
  3 giant geckos
  3 oozes
  23 orcs
  A ball python (D:5)
  5 giant cockroaches
  11 goblins
  14 hobgoblins
  13 jackals
  2 quokkas
  10 bats
  2 giant cockroach zombies (D:5)
  5 giant newts
  A hobgoblin skeleton (D:7)
  A jackal skeleton (D:7)
  18 kobolds
  A kobold skeleton (D:7)
  A kobold zombie (D:8)
  2 orc skeletons
  10 rats
  A rat skeleton (D:7)
219 creatures vanquished.

Notes
Turn   | Place    | Note
--------------------------------------------------------------
     0 | D:1      | PolkaDot, the Vampire Conjurer, began the quest for the Orb.
     0 | D:1      | Reached XP level 1. HP: 13/13 MP: 4/4
   277 | D:1      | Reached XP level 2. HP: 16/19 MP: 5/5
   739 | D:2      | Reached XP level 3. HP: 24/24 MP: 6/6
   919 | D:2      | Reached skill level 4 in Conjurations
  1091 | D:2      | Learned a level 2 spell: Searing Ray
  1505 | D:2      | Reached XP level 4. HP: 30/30 MP: 2/8
  1775 | D:3      | Gained mutation: Your flesh is cold resistant. [potion of beneficial mutation]
  1792 | D:3      | Reached XP level 5. HP: 24/35 MP: 6/9
  2285 | D:3      | Reached skill level 5 in Conjurations
  2712 | D:5      | Entered Level 5 of the Dungeon
  2712 | D:5      | Noticed a phantom
  2716 | D:5      | Noticed a centaur
  2916 | D:5      | Killed a phantom
  2916 | D:5      | Reached XP level 6. HP: 39/41 MP: 4/10
  3067 | D:5      | Learned a level 4 spell: Iskenderun's Mystic Blast
  3080 | D:5      | Killed a centaur
  3100 | D:5      | Reached skill level 6 in Conjurations
  3201 | D:5      | HP: 1/41 [crimson imp/orcish dagger of draining (3)]
  3558 | D:5      | Found a burning altar of Makhleb.
  3558 | D:5      | Noticed a balrug
  3561 | D:5      | Noticed a hellwing
  3561 | D:5      | Noticed a hellwing
  3684 | D:5      | Got an opalescent robe
  3685 | D:5      | Identified the cursed -3 robe of the Hills {rF+ rC++} (You found it on level 5 of the Dungeon)
  3689 | D:5      | Noticed a necrophage
  3694 | D:5      | Killed a necrophage
  3694 | D:5      | Reached XP level 7. HP: 38/44 MP: 6/11
  3705 | D:5      | Noticed a centaur
  3719 | D:5      | Killed a centaur
  3878 | D:5      | Reached skill level 7 in Conjurations
  4113 | D:6      | Found an ancient bone altar of Kikubaaqudgha.
  4158 | D:6      | Got a dazzling spear
  4159 | D:6      | Identified the +6,+3 spear "Dainn" {elec, Str+2} (You found it on level 6 of the Dungeon)
  4159 | D:6      | Identified the +6,+3 spear "Dainn" {elec, Str+2} (You found it on level 6 of the Dungeon)
  4215 | D:6      | Found a staircase to the Ecumenical Temple.
  4237 | Temple   | Entered the Ecumenical Temple
  4280 | Temple   | Became a worshipper of Vehumet
  4610 | D:6      | Noticed Grinder
  4619 | D:6      | Killed Grinder
  4619 | D:6      | Reached skill level 8 in Conjurations
  4619 | D:6      | Reached XP level 8. HP: 32/47 MP: 4/13
  4692 | D:6      | Found a basalt altar of Yredelemnul.
  5087 | D:7      | Acquired Vehumet's first power
  5087 | D:7      | Offered knowledge of Freeze by Vehumet.
  5149 | D:7      | Reached skill level 9 in Conjurations
  5341 | D:7      | Found a deep blue altar of Sif Muna.
  5342 | D:7      | Found a glowing silver altar of Zin.
  5551 | D:7      | Found a shimmering altar of Xom.
  5673 | D:7      | HP: 2/47 [centaur/arrow (15)]
  5680 | D:7      | Reached XP level 9. HP: 26/52 MP: 12/14
  5684 | D:7      | Learned a level 1 spell: Freeze
  5888 | D:8      | Reached skill level 1 in Ice Magic
  5898 | D:8      | Offered knowledge of Throw Flame by Vehumet.
  5902 | D:8      | Learned a level 2 spell: Throw Flame
  5964 | D:8      | Found an iron altar of Okawaru.
  6483 | D:8      | Reached skill level 10 in Conjurations
  6650 | D:9      | Offered knowledge of Stone Arrow by Vehumet.
  6697 | D:9      | Gained mutation: You possess an exceptional clarity of mind. [potion of beneficial mutation]
  6735 | D:9      | Got a faintly glowing war axe
  6736 | D:9      | Identified the cursed -2,+0 war axe "Tron" {flame, rPois rF+ Str+1} (You found it on level 9 of the Dungeon)
  6842 | D:9      | Acquired Vehumet's second power
  7351 | D:10     | Entered Level 10 of the Dungeon
  7528 | D:10     | Noticed a guardian serpent
  7532 | D:10     | Noticed Erica
  7803 | D:10     | Noticed Erolcha
  7966 | D:11     | HP: 1/52 [centaur (6)]
  7967 | D:11     | Mangled by a centaur

Action                   |  1- 3 |  4- 6 |  7- 9 || total
-------------------------+-------+-------+-------++-------
Melee: Short sword       |    26 |   113 |    33 ||   172
       Hand axe          |    95 |    44 |       ||   139
       Spear             |       |       |   227 ||   227
 Cast: Magic Dart        |     6 |     3 |    13 ||    22
       Searing Ray       |     2 |    14 |    35 ||    51
       Iskenderun's Myst |       |       |    21 ||    21
Evoke: Wand              |       |       |     4 ||     4
  Use: Scroll            |     4 |     5 |    17 ||    26
       Potion            |     1 |     4 |     6 ||    11
 Stab: Sleeping          |     7 |     2 |    10 ||    19
       Invisible         |       |     3 |       ||     3
       Distracted        |       |       |     3 ||     3
